 Dungeon Crawl Stone Soup version 0.26.0-18-gc5c842f807 (webtiles) character file.

Game seed: 8535789561181110478

65 thiole the Sneak (level 4, -3/27 HPs)
             Began as an Octopode Hedge Wizard on Jan 23, 2021.
             Killed from afar by Robin (9 damage)
             ... with a puff of flame
             ... on level 2 of the Dungeon.
             The game lasted 00:01:58 (2417 turns).

thiole the Sneak (Octopode Hedge Wizard)            Turns: 2417, Time: 00:01:59

Health: -3/27      AC:  1    Str:  9    XL:     4   Next: 14%
Magic:  4/9        EV: 13    Int: 17    God:
Gold:   81         SH:  0    Dex: 11    Spells: 8/9 levels left

rFire    . . .     SeeInvis .   a - +0 dagger
rCold    . . .     Faith    .   (no shield)
rNeg     . . .     Spirit   .   b - +0 hat
rPois    .         Reflect  .   (no amulet)
rElec    .         Harm     .   (no ring)
rCorr    .         Rampage  .   (no ring)
Will     .....                  (no ring)
Stlth    +++.......             (no ring)
HPRegen  0.09/turn              (no ring)
MPRegen  0.11/turn              (no ring)
                                (no ring)
                                (no ring)

@: no status effects
A: almost no armour, stealthy swim, amphibious, 8 rings, constrict 8, camouflage
1, gelatinous body 1
a: no special abilities


You were on level 2 of the Dungeon.
You visited 1 branch of the dungeon, and saw 2 of its levels.

You collected 81 gold pieces.

Inventory:

Hand Weapons
 a - a +0 dagger (weapon)
Armour
 b - a +0 hat (worn)
Scrolls
 c - a scroll of fear {unknown}
 d - a scroll of immolation {unknown}
 e - a scroll of blinking {unknown}
 f - 3 scrolls of identify {unknown}
 h - a scroll of random uselessness {unknown}
 j - a scroll of enchant armour {unknown}
 l - a scroll of remove curse {unknown}
Potions
 g - a potion of degeneration {unknown}
 i - a potion of resistance {unknown}
 k - a potion of cancellation {unknown}


   Skills:
 - Level 2.0 Dodging
 + Level 3.6 Stealth
 + Level 3.3 Spellcasting
 * Level 2.4 Conjurations
 - Level 2.0 Summonings
 - Level 1.0 Translocations


You had 8 spell levels left.
You knew the following spells:

 Your Spells              Type           Power        Failure   Level
a - Magic Dart            Conj           44%          6%          1

Your spell library contained the following spells:

 Spells                   Type           Power        Failure   Level
 Call Imp                 Summ           9%           11%         2
 Blink                    Tloc           N/A          17%         2
 Slow                     Hex            2%           26%         2
 Conjure Flame            Conj/Fire      7%           30%         3
 Mephitic Cloud           Conj/Pois/Air  5%           36%         3


Dungeon Overview and Level Annotations

Branches:
Dungeon (2/15)

Altars:
Cheibriados

Annotations:
D:2 Robin


Innate Abilities, Weirdness & Mutations

You cannot wear most types of armour.
You are very stealthy in the water. (Stealth+)
You are amphibious.
You can wear up to eight rings at the same time.
You can use your tentacles to constrict eight enemies at once.
Your skin changes colour to match your surroundings (Stealth+).
Your rubbery body absorbs attacks. (AC +1, EV +1)


Message History

Robin shouts!
You hear a shout! x2
Robin zaps a wand.
The puff of flame hits you!
Robin is nearby!
Casting: Magic Dart (safe; 6% risk of failure)
Confirm with . or Enter, or press ? or * to list all spells.
You don't have enough magic to cast that spell.
Robin is nearby!
Casting: Magic Dart (safe; 6% risk of failure)
Confirm with . or Enter, or press ? or * to list all spells.
You don't have enough magic to cast that spell.
Casting: Magic Dart (safe; 6% risk of failure)
Confirm with . or Enter, or press ? or * to list all spells.
You don't have enough magic to cast that spell.
Unknown command.
There is an open door here.
Robin roars a battlecry!
Robin zaps a wand.
The puff of flame hits you!
* * * LOW HITPOINT WARNING * * *
Robin zaps a wand.
The puff of flame hits you!
You die...

#.#.#...# #.#.#.# ######
#.#.#...####.#.#.# .....#
#.>.#.#.#..#.#.#.# ###..##
##.....#.#..#.#...# ###...##
##....#.#.#..#.####### ..'....###
#.....#.#.#...........
###......#####...#......#.#######
##......# #...#.#.#..#.# #......#
#..@#.#.#..#.# #.g....#
#.....#.#<.#.# #......#
#..####.#.##.# ###...##
#.....#.#.##.# ##..#
##....#.#....# #..#
#....#.###..#######
#..######....#.# #.........
##.g....g....#.# #.########
#.######.#....# #.#


You could see Robin.

Vanquished Creatures
  3 adders (D:2)
  2 dart slugs (D:2)
  3 giant cockroaches
  2 goblins
  7 hobgoblins (D:1)
  5 kobolds
  A ball python (D:1)
  6 bats
  2 frilled lizards
  5 rats
36 creatures vanquished.

Notes
Turn   | Place    | Note
-------+----------+-------------------------------------------
     0 | D:1      | thiole the Octopode Hedge Wizard began the quest for the
                  | Orb.
     0 | D:1      | Reached XP level 1. HP: 11/11 MP: 4/4
   304 | D:1      | Reached XP level 2. HP: 17/17 MP: 0/6
   926 | D:1      | Found a snail-covered altar of Cheibriados.
  1295 | D:1      | Reached XP level 3. HP: 21/21 MP: 1/7
  2375 | D:2      | Reached XP level 4. HP: 26/27 MP: 0/9
  2382 | D:2      | Noticed Robin
  2417 | D:2      | Killed from afar by Robin

Illustrated notes

Levels and vault maps discovered:
D:1:      eino_arrival_tree_alley, layout_loops_ring, minmay_misc_feat_doors,
          cheibriados_altar_1
D:2:      layout_basic, trog_hazing_becter, uniq_robin, uniq_crazy_yiuf_cottage

Skill      XL: |  1  2  3 |
---------------+----------+-----
Stealth        | 3 |  3.6
Summonings     | 2 |  2.0
Conjurations   | 2 |  2.4
Dodging        | |  2.0
Spellcasting   | |  3.3
Translocations | |  1.0

Action                   |  1- 3 |  4- 6 || total
-------------------------+-------+-------++-------
Melee: Dagger            |    18 |       ||    18
       Constrict         |     5 |       ||     5
       Tentacles         |     4 |       ||     4
 Cast: Magic Dart        |   104 |     1 ||   105
Dodge: Dodged            |    24 |       ||    24
